AoeStats
← Irving Legend

QS Arena

503399890Analyzed
2v2 RM · 1mo ago on Aug 31, 2026· 17m 2s· 4 players
Game mode
Random Map
Map size
Medium (4 player)
Population
200
Speed
Normal
Resources
Standard
Victory
Conquest
Starting age
Dark Age
Ending age
Imperial Age
RankedLock teamsTeams togetherTeam positionsShared explorationLock speedFull tech treeHidden civsTurbo modeCheats
Victory
Defeat
🇬🇧 Byzantines · United Kingdom
1113
+17
🇨🇳 Spanish · China
1070
+18
🇨🇴 Cumans · Colombia
1137
-18
🇨🇦 Armenians · Canada
1111
-17
ageofcardiff
9:06 Feudal Age
7:30 Loom
9:42 Horse Collar
14:08 Castle Age
12:36 Fletching
13:20 Padded Archer Armor
14:04 Double-Bit Axe
14:37 Crossbowman
cottage
8:20 Feudal Age
12:00 Castle Age
11:19 Loom
Thousk_
6:57 Feudal Age
7:25 Double-Bit Axe
7:38 Loom
11:51 Gold Mining
Irving Legend
3:40 Loom
4:56 Loom
8:04 Feudal Age
8:24 Man-at-Arms
9:16 Double-Bit Axe
12:07 Long Swordsman
13:18 Arson
14:07 Scale Mail Armor
Connection lost

Rejoining the realm…

Still unreachable

The connection could not be restored.

Session expired

The server has moved on; the page needs a fresh start.